Map: Templo del pasado

Players

NeróN

  • Race: Zerg Zerg
  • Spawn Location: 0:00

DOGu

  • Race: Terran Terran
  • Spawn Location: 0:00

VOD

Have the link to the VOD?

Description

Time

  • Played on: Dec. 23, 2017, 3:31 p.m.
  • Length: 31:12
Show
View Real Time Build Order
Export as new Build Order

NeróN Zerg 

Build Orders:  

Get SALT Encoding   

  12  0:03  Drone  
  13  0:11  Drone  
  14  0:35  Overlord  
  14  0:39  Drone, Extractor  
  14  0:41  Extractor  
  14  0:44  Drone  
  16  1:00  Drone  
  16  1:05  Drone  
  18  1:16  Drone  
  19  1:29  Hatchery  
  18  1:32  Drone  
  19  1:54  Spawning Pool  
  19  1:56  Extractor  
  19  1:59  Extractor  
  16  2:02  Drone  
  16  2:07  Drone  
  18  2:18  Drone  
  19  2:29  Drone  
  20  2:31  Drone  
  20  2:38  Lair  
  21  2:44  Drone  
  22  2:50  Drone  
  23  3:00  Drone  
  23  3:04  Drone  
  25  3:14  Drone  
  25  3:16  Drone  
  27  3:29  Drone  
  28  3:33  Overlord  
  28  3:36  Hive  
  28  3:41  Evolution Chamber  
  28  3:42  Evolution Chamber  
  28  3:45  Drone  
  27  3:53  Drone  
  27  3:59  Drone  
  29  4:02  Drone  
  30  4:39  Hatchery  
  29  4:40  Ventral Sacs  
  29  4:43  Drone x2  
  31  4:57  Drone x4  
  35  5:17  Hydralisk Den  
  34  5:20  Drone, Nydus Network  
  34  5:30  Extractor  
  34  5:33  Extractor  
  32  5:47  Drone  
  32  5:48  Drone  
  32  5:49  Drone x3  
  37  5:59  Overlord  
  37  6:00  Overlord  
  37  6:02  Overlord  
  37  6:17  Muscular Augments  
  37  6:23  Chain Reaction  
  37  6:41  Ancillary Carapace  
  37  6:42  Heroic Fortitude  
  37  6:44  Ability Efficiency  
  37  6:45  Overlord  
  37  7:17  Frenzy  
  37  7:22  Overlord  
  37  7:23  Overlord  
  37  7:25  Zerg Missile Weapons Level 1  
  37  7:32  Zerg Ground Armor Level 1  
  59  8:02  Hydralisk  
  59  8:03  Hydralisk x10  
  73  8:42  Overlord, Hydralisk  
  73  8:43  Hydralisk x6  
  73  8:47  Zerg Missile Weapons Level 2  
  73  8:51  Zerg Ground Armor Level 2  
  73  9:06  Overlord x2  
  73  9:09  Overlord  
  73  9:18  Overlord  
  73  9:21  Overlord  
  73  9:29  Overlord  
  73  9:33  Overlord  
  73  9:40  Overlord  
  73  9:55  Drone x5  
  73  9:58  Drone  
  79  10:01  Drone  
  79  10:03  Drone  
  73  11:45  Hydralisk  
  73  11:46  Hydralisk x9  
  73  11:47  Hydralisk x8  
  107  12:01  Drone x3  
  106  12:15  Spore Crawler  
  106  12:16  Spore Crawler x2  
  106  12:18  Spore Crawler  
  102  12:27  Hydralisk x3  
  102  12:28  Zerg Missile Weapons Level 3  
  102  12:29  Zerg Ground Armor Level 3  
  108  12:44  Overlord  
  108  12:45  Overlord x5  
  108  13:19  Spore Crawler  
  107  13:20  Spore Crawler  
  107  13:22  Spore Crawler  
  107  13:35  Hydralisk  
  107  13:36  Hydralisk x6  
  119  13:58  Overlord x2  
  119  13:59  Overlord x5  
  119  14:03  Drone  
  120  14:12  Spore Crawler  
  127  14:33  Hydralisk x4  
  127  14:48  Spore Crawler  
  126  15:05  Spore Crawler x2  
  124  15:24  Drone x5  
  129  16:04  Spore Crawler  
  129  16:07  Hydralisk  
  129  16:08  Hydralisk x10  
  150  16:24  Spore Crawler  
  150  16:25  Spore Crawler x2  
  150  16:26  Spore Crawler  
  146  16:48  Spore Crawler  
  149  16:50  Hydralisk  
  149  16:51  Hydralisk  
  149  16:52  Hydralisk  
  161  17:21  Hydralisk  
  161  17:22  Hydralisk x5  
  161  17:24  Hydralisk  
  161  17:29  Hydralisk  
  161  17:36  Hydralisk  
  163  17:47  Hydralisk  
  163  17:48  Hydralisk  
  169  17:55  Hydralisk  
  169  17:58  Omega Worm  
  169  18:08  Hydralisk  
  169  18:09  Hydralisk  
  177  18:20  Hydralisk x2  
  183  18:42  Hydralisk x3  
  151  19:05  Hydralisk  
  151  19:06  Hydralisk x6  
  151  19:07  Hydralisk  
  165  19:24  Hydralisk  
  165  19:25  Hydralisk  
  163  19:38  Hydralisk  
  163  19:39  Hydralisk  
  169  19:40  Hydralisk  
  169  19:45  Overseer  
  169  19:46  Overseer, Hydralisk  
  175  20:11  Hydralisk  
  175  20:12  Hydralisk x2  
  175  20:13  Overlord  
  175  20:47  Hydralisk  
  175  20:48  Hydralisk x3  
  183  20:58  Omega Worm  
  191  21:11  Hydralisk  
  191  21:12  Hydralisk x3  
  197  21:34  Hydralisk x2  
  197  21:35  Hydralisk  
  197  21:36  Hydralisk  
  199  22:55  Spore Crawler  
  200  23:01  Hydralisk  
  190  23:38  Overlord  
  194  23:42  Hydralisk  
  194  23:43  Hydralisk x3  
  194  24:09  Hydralisk  
  146  24:10  Hydralisk x2  
  200  24:50  Hydralisk x4  
  200  24:51  Hydralisk x12  
  200  25:43  Hydralisk  
  200  25:44  Hydralisk x5  
  160  26:03  Hydralisk  
  160  26:04  Hydralisk x7  
  154  26:16  Hydralisk  
  154  26:17  Hydralisk x2  
  194  30:40  Hydralisk  
  194  30:41  Hydralisk x4  
  194  30:42  Hydralisk x4  
  194  30:43  Hydralisk x3  
  194  30:44  Hydralisk x4  
  194  30:45  Hydralisk x2  
Show
View Real Time Build Order
Export as new Build Order

DOGu Terran 

Build Orders:  

Get SALT Encoding   

  12  0:07  SCV  
  13  0:24  SCV  
  14  0:30  Refinery  
  15  0:41  SCV  
  15  0:52  Supply Depot  
  15  1:19  SCV  
  16  1:36  SCV  
  17  1:51  Factory  
  17  1:53  SCV  
  19  2:10  Refinery, SCV  
  19  2:27  SCV  
  20  2:31  Factory Tech Reactor  
  20  2:44  SCV  
  21  2:52  Supply Depot  
  21  2:53  Supply Depot  
  22  3:01  SCV  
  22  3:18  SCV  
  23  3:31  Goliath  
  23  3:35  SCV  
  26  3:43  Goliath  
  28  3:58  Hellbat  
  31  4:22  SCV  
  31  4:31  Factory  
  31  4:38  Goliath  
  31  4:39  SCV  
  34  4:55  SCV  
  35  5:54  Factory Tech Reactor  
  35  6:07  Goliath x2  
  39  6:15  Armory  
  39  6:46  Perdition Turret  
  39  6:48  Perdition Turret  
  39  6:49  Perdition Turret  
  39  6:53  Ares-Class Targeting System  
  39  6:56  Multi-Lock Weapons System  
  39  7:34  Regenerative Bio-Steel  
  39  7:48  Supply Depot  
  39  7:49  Supply Depot  
  39  7:51  Supply Depot  
  39  7:54  Supply Depot  
  39  7:58  Supply Depot  
  39  8:18  Goliath  
  42  8:21  SCV  
  42  8:26  Starport  
  42  8:38  SCV  
  43  8:55  SCV  
  44  9:04  Advanced Optics  
  45  9:12  SCV  
  45  9:16  Thor  
  45  9:17  Thor  
  57  9:29  SCV  
  58  9:46  SCV  
  59  9:54  Infernal Pre-Igniter  
  59  9:57  Perdition Turret  
  59  9:58  Perdition Turret x2  
  49  10:32  Command Center  
  50  10:42  SCV  
  50  10:47  Goliath  
  50  10:48  Goliath  
  54  10:59  SCV  
  55  11:02  Perdition Turret x2  
  55  11:03  Perdition Turret  
  55  11:05  Upgrade Laser Drill Level 1  
  53  11:15  Goliath x2  
  53  11:16  SCV  
  53  11:19  Terran Vehicle and Ship Weapons Level 1, Goliath  
  58  11:28  Perdition Turret x3  
  58  11:33  SCV  
  59  11:49  Thor  
  72  11:50  SCV  
  66  12:43  Thor  
  66  12:46  Thor  
  78  13:06  Refinery  
  78  13:09  Refinery  
  78  13:39  Starport Tech Reactor  
  78  14:27  Terran Vehicle and Ship Weapons Level 2  
  78  15:07  SCV x2  
  80  15:15  Supply Depot  
  80  15:16  Supply Depot  
  80  15:18  Supply Depot x2  
  80  15:24  SCV x2  
  84  15:40  SCV  
  84  15:41  SCV  
  84  15:44  Thor  
  84  15:45  Thor  
  84  15:46  Thor  
  84  15:48  Thor  
  108  15:57  SCV  
  108  15:58  SCV  
  110  16:16  Armory  
  110  16:20  Science Vessel  
  110  16:21  Science Vessel  
  110  16:29  Improved Nano-Repair  
  114  17:29  Defensive Matrix  
  114  17:32  Terran Vehicle And Ship Armor Level 1  
  114  17:38  Terran Vehicle and Ship Weapons Level 3  
  114  17:43  Science Vessel  
  114  17:45  Science Vessel  
  119  18:10  SCV  
  119  18:17  Supply Depot  
  119  18:18  Supply Depot  
  119  18:19  Supply Depot  
  119  18:22  Supply Depot  
  119  18:27  SCV  
  119  18:29  Supply Depot  
  120  18:31  Supply Depot  
  120  18:32  Supply Depot  
  120  18:35  Supply Depot  
  120  18:37  Supply Depot  
  120  18:44  SCV  
  121  18:52  Thor x2  
  121  18:53  Thor  
  139  19:00  Thor  
  139  19:06  Perdition Turret  
  139  19:11  Perdition Turret x2  
  125  19:51  Science Vessel  
  125  19:52  Science Vessel  
  129  20:29  Thor  
  129  20:34  Terran Vehicle And Ship Armor Level 2  
  129  20:49  Science Vessel x2  
  123  21:37  Science Vessel  
  123  21:38  Science Vessel  
  127  22:11  Hellbat  
  127  22:12  Hellbat  
  127  22:14  Thor  
  127  22:15  Thor  
  143  22:35  Hellbat  
  143  22:36  Hellbat  
  147  22:56  Hellbat x2  
  147  22:59  Hellbat x2  
  147  23:20  Hellbat x2  
  147  23:23  Hellbat x2  
  147  23:24  Upgrade Laser Drill Level 2  
  155  23:44  Hellbat x2  
  155  24:19  Thor  
  149  24:37  Thor x2  
  143  24:41  Terran Vehicle And Ship Armor Level 3, Thor  
  143  24:45  Thor  
  143  24:46  Thor  
  143  24:47  Thor x2  
  143  24:48  Thor  
  161  24:51  Science Vessel  
  161  24:56  Thor  
  159  27:45  Thor x2  
  159  27:46  Thor x2  
  183  28:33  Thor  
  189  29:35  Starport  
  189  30:25  Starport Tech Reactor  
  189  30:29  Wraith x2  
  193  30:30  Supply Depot  
Tags
 
Add a new tag
Caveats
  • Supply blocks, unpowered buildings, or Contaminate may cause inaccurate times.
  • Supply counts are checked every 10 seconds.